 Dungeon Crawl Stone Soup version 0.20-a0-738-gb057e68 (webtiles) character file.

2363 Alarkh the Carver (level 9, 56/70 HPs)
             Began as a Demonspawn Monk on Feb 23, 2017.
             Was a High Priest of Okawaru.
             Quit the game on level 8 of the Dungeon.
             The game lasted 00:08:56 (6998 turns).

Alarkh the Carver (Demonspawn Monk)                 Turns: 6998, Time: 00:08:57

Health: 56/70      AC:  7    Str: 12    XL:     9   Next: 21%
Magic:  9/9        EV: 14    Int: 15    God:    Okawaru [*****.]
Gold:   462        SH: 17    Dex: 17    Spells: 8/8 levels left

rFire    + . .     SeeInvis .   b - +1 short sword (elec)
rCold    . . .     Gourm    .   E - +0 robe
rNeg     . . .     Faith    .   A - +3 shield "Vuugidwa" {rElec Stlth+}
rPois    .         Spirit   .   (helmet restricted)
rElec    +         Reflect  +   p - +0 cloak
rCorr    .         Harm     .   s - +2 pair of gloves
MR       .....                  u - +0 pair of boots
Stlth    ++++......             H - +5 amulet of reflection
Regen    0.3/turn               (no ring)
MPRegen  0.2/turn               h - ring of protection from fire

@: no status effects
A: horns 2, thin skeletal structure 1, demonic guardian 1, spiny 1
a: Heroism, Finesse, Renounce Religion


You were on level 8 of the Dungeon.
You worshipped Okawaru.
Okawaru was extremely pleased with you.
You were not hungry.

You visited 2 branches of the dungeon, and saw 9 of its levels.

You collected 462 gold pieces.

Inventory:

Hand Weapons
 a - a +0 falchion
 b - a +1 short sword of electrocution (weapon)
Armour
 p - a +0 cloak (worn)
 s - a +2 pair of gloves (worn)
 u - a +0 pair of boots (worn)
 A - the +3 shield "Vuugidwa" (worn) {rElec Stlth+}
   (You found it on level 8 of the Dungeon)

   It insulates you from electricity.
   It makes you more stealthy.
 B - a +0 large shield
 E - a +0 robe (worn)
Jewellery
 h - a ring of protection from fire (left hand)
 H - a +5 amulet of reflection (around neck)
Wands
 y - a wand of lightning (4/15)
Scrolls
 e - a scroll of identify
 g - 4 scrolls of teleportation {unknown}
 k - 2 scrolls of remove curse
 n - 2 scrolls of immolation {unknown}
 q - a scroll of magic mapping
 r - 2 scrolls of recharging {unknown}
 D - a scroll of fear {unknown}
 F - a scroll of enchant weapon {unknown}
 G - a scroll of blinking {unknown}
Potions
 d - a potion of brilliance
 f - 2 potions of might
 m - a potion of lignification
 o - 2 potions of heal wounds
 t - a potion of agility
 w - a potion of invisibility
 x - 5 potions of ambrosia {unknown}
 z - a potion of mutation
Books
 v - the Incunabulum of Sinister Ignition
   (You found it on level 4 of the Dungeon)

   Spells                             Type                      Level
   a - Flame Tongue                   Conjuration/Fire             1
   b - Animate Skeleton               Necromancy                   1
   c - Sublimation of Blood           Necromancy                   2
   d - Regeneration                   Charms/Necromancy            3
   e - Excruciating Wounds            Charms/Necromancy            5
   f - Simulacrum                     Ice/Necromancy               6
Comestibles
 c - 5 bread rations
 i - 2 royal jellies
 j - 10 chunks of flesh
 l - 2 meat rations
 C - 8 fruits


   Skills:
 + Level 6.3 Fighting
 * Level 8.3 Long Blades
 + Level 5.9 Dodging
 - Level 1.7 Stealth
 + Level 3.3 Shields


You had 8 spell levels left.
You didn't know any spells.

Dungeon Overview and Level Annotations

Branches:
Dungeon (8/15)             Temple (1/1) D:4
   Lair: D:8-11

Altars:
Ashenzari
Cheibriados
Dithmenos
Elyvilon
Fedhas
Gozag
Hepliaklqana
Kikubaaqudgha
Makhleb
Nemelex Xobeh
Okawaru
Qazlal
Ru
Sif Muna
Trog
Uskayaw
Vehumet
Wu Jian
Xom
Yredelemnul
Zin
The Shining One

Annotations:
D:5 1 exclusion


Innate Abilities, Weirdness & Mutations

You have a pair of horns on your head.
You have a somewhat thin skeletal structure. (Dex +2, Stealth)
A weak demonic guardian rushes to your aid.
You are partially covered in sharp spines.


Message History

No target in view!
No target in view!
No target in view!
No target in view!
No target in view!
No target in view!
No target in view!
No target in view!
No target in view!
No target in view!
No target in view!
No target in view!
No target in view!
You start removing your armour.
You continue taking off your +0 large shield. x4
You finish taking off your +0 large shield.
You start putting on your armour.
You continue putting on your shimmering shield. x5
You finish putting on the +3 shield "Vuugidwa" {rElec Stlth+}.
Are you sure you want to abandon this character and quit the game? (Confirm with "yes".)

#. .# ##. ##
#.#.# .. ...
###...# .#..#
.....######!#..#
#.............#
#.............#
#........†....#
#.<.....@..#..#
#.......5.....#
##........(...#
#..............
#..............
#)###..........
...# #...#......
.####
##..#......
#..###..#


You could see a friendly white imp.

Vanquished Creatures
  The ghost of Sapher the Ruffian, a novice TrMo (D:7)
  A hippogriff (D:6)
  A wyvern (D:8)
  Edmund (D:6)
  3 water moccasins
  An orc warrior (D:7)
  An ice beast (D:6)
  2 ogres
  A centaur (D:7)
  A scorpion (D:5)
  The ghost of Sapher the Ruffian, a weakling TrMo (D:5)
  A water moccasin skeleton (D:3)
  4 howler monkeys
  2 crimson imps
  2 hounds (D:5)
  2 orc priests
  2 orc wizards
  2 jellies
  7 worker ants
  5 adders
  A howler monkey skeleton (D:4)
  An ooze (D:2)
  4 worms
  A dart slug (D:1)
  4 leopard geckos
  18 orcs
  6 giant cockroaches
  6 goblins
  4 hobgoblins
  6 jackals
  13 kobolds
  3 quokkas
  4 ball pythons
  6 bats
  2 frilled lizards
  A jackal zombie (D:5)
  5 rats
126 creatures vanquished.

Vanquished Creatures (collateral kills)
  An ogre (D:4)
  An orc wizard (D:7)
  An adder (D:6)
  4 orcs
7 creatures vanquished.

Grand Total: 133 creatures vanquished

Notes
Turn   | Place    | Note
-------+----------+-------------------------------------------
     0 | D:1      | Alarkh the Demonspawn Monk began the quest for the Orb.
     0 | D:1      | Reached XP level 1. HP: 18/18 MP: 1/1
   276 | D:1      | Reached skill level 3 in Long Blades
   314 | D:1      | Gained mutation: You have a pair of small horns on your head. [demonic ancestry]
   314 | D:1      | Reached XP level 2. HP: 6/24 MP: 2/2
  1131 | D:2      | Noticed a dagger
  1132 | D:2      | Found a hide-covered altar of Uskayaw.
  1133 | D:2      | Noticed a dagger
  1160 | D:2      | Gained mutation: You have a somewhat thin skeletal structure. (Dex +2, Stealth) [demonic ancestry]
  1160 | D:2      | Reached XP level 3. HP: 29/29 MP: 3/3
  1289 | D:2      | Found a burning altar of Makhleb.
  1906 | D:2      | Found a sacrificial altar of Ru.
  1973 | D:3      | Found an iron altar of Okawaru.
  2236 | D:3      | Became a worshipper of Warmaster Okawaru
  2236 | D:3      | Reached * piety under Okawaru
  2236 | D:3      | Reached ** piety under Okawaru
  2422 | D:3      | Found a shimmering altar of Xom.
  2490 | D:3      | Reached XP level 4. HP: 30/35 MP: 4/4
  2745 | D:3      | Reached skill level 4 in Long Blades
  3327 | D:3      | Reached XP level 5. HP: 37/42 MP: 5/5
  3337 | D:3      | Found a deep blue altar of Sif Muna.
  3775 | D:4      | Noticed an ogre
  3782 | D:4      | Killed an ogre
  3782 | D:4      | Reached skill level 5 in Long Blades
  3782 | D:4      | Gained mutation: A weak demonic guardian rushes to your aid. [demonic ancestry]
  3782 | D:4      | Reached XP level 6. HP: 28/48 MP: 3/6
  3925 | D:4      | Found a staircase to the Ecumenical Temple.
  3985 | D:4      | Identified the Incunabulum of Sinister Ignition
  4017 | D:4      | Found an ornate altar of the Wu Jian Council.
  4267 | Temple   | Entered the Ecumenical Temple
  4941 | D:5      | Entered Level 5 of the Dungeon
  4974 | D:5      | Noticed Sapher's ghost (weakling TrMo)
  4979 | D:5      | Reached *** piety under Okawaru
  5153 | D:5      | Found an opulent altar of Gozag.
  5226 | D:5      | Reached XP level 7. HP: 47/55 MP: 7/7
  5292 | D:5      | Found a shadowy altar of Dithmenos.
  5352 | D:5      | Reached skill level 6 in Long Blades
  5355 | D:5      | Found a snail-covered altar of Cheibriados.
  5429 | D:5      | Killed Sapher's ghost
  5749 | D:5      | Reached skill level 5 in Fighting
  5788 | D:5      | Found a shimmering altar of Xom.
  5788 | D:5      | Found a shattered altar of Ashenzari.
  6014 | D:6      | Found a blossoming altar of Fedhas.
  6110 | D:6      | Found a white marble altar of Elyvilon.
  6145 | D:6      | Reached skill level 1 in Shields
  6233 | D:6      | Gained mutation: You have a pair of horns on your head. [demonic ancestry]
  6233 | D:6      | Reached XP level 8. HP: 62/62 MP: 8/8
  6235 | D:6      | Noticed a hippogriff
  6245 | D:6      | Killed a hippogriff
  6245 | D:6      | Reached **** piety under Okawaru
  6245 | D:6      | Reached skill level 7 in Long Blades
  6296 | D:6      | Reached skill level 5 in Dodging
  6399 | D:6      | Noticed Edmund
  6410 | D:6      | Killed Edmund
  6678 | D:7      | Noticed Sapher's ghost (novice TrMo)
  6900 | D:7      | Reached ***** piety under Okawaru
  6959 | D:7      | Killed Sapher's ghost
  6959 | D:7      | Reached skill level 8 in Long Blades
  6959 | D:7      | Gained mutation: You are partially covered in sharp spines. [demonic ancestry]
  6959 | D:7      | Reached XP level 9. HP: 59/69 MP: 7/9
  6984 | D:8      | Got a shimmering shield
  6998 | D:8      | Identified the +3 shield "Vuugidwa" {rElec Stlth+} (You found it on level 8 of the Dungeon)
  6998 | D:8      | Quit the game

Vault maps used:
D:1:      saegor_arrival_under_anarchy, solitary_fountain
D:2:      dancing_weapons_uskayaw, overflow_temple_1_default, first_bread,
          nicolae_ru_path_of_blood
D:3:      kennysheep_okawaru_gauntlet, overflow_temple_1_default,
          serial_bayou_pond_c, xom_teletrap_fun
D:4:      kennysheep_mini, temple_doors_cd
D:5:      cheibrodos_quashed, gammafunk_temple_overflow_wave,
          nicolae_overflow_crystal_walls, basic_altar, grunt_dithmenos_smoke
D:6:      elyvilon_altar_3, fedhas_altar_fruit_tree, uniq_edmund
D:7:      kennysheep_big_flooded_room, fountainhead
D:8:      kennysheep_mini_moat, uniq_grum
Temple:   minmay_temple_curvy_loop

Skill      XL: |  1  2  3  4  5  6  7  8 |
---------------+-------------------------+-----
Long Blades    | 3 4 5 6 8 |  8.3
Dodging        | 3 4 5 |  5.9
Fighting       | 4 5 6 |  6.3
Shields        | 1 3 |  3.3
Stealth        | |  1.7

Action                   |  1- 3 |  4- 6 |  7- 9 || total
-------------------------+-------+-------+-------++-------
Melee: Falchion          |    28 |       |       ||    28
       Short sword       |    59 |   149 |   157 ||   365
       Headbutt          |     6 |    19 |    27 ||    52
Invok: Heroism           |       |     1 |     1 ||     2
  Use: Scroll            |     2 |     1 |     5 ||     8
       Potion            |     4 |       |       ||     4
 Stab: Sleeping          |    13 |     3 |     6 ||    22
  Eat: Chunk             |     4 |     7 |     8 ||    19
Armor: Robe              |     6 |    16 |    17 ||    39
Dodge: Dodged            |    59 |    84 |    45 ||   188
Block: Large shield      |       |       |    50 ||    50
       Rpst.: Falchion   |     8 |       |       ||     8
